 Dungeon Crawl Stone Soup version 0.24.0-10-g970556be89 (webtiles) character file.

Game seed: 4701980061165187613, levelgen mode: deterministic

513 Froggeryz the Cleaver (level 7, -5/61 HPs)
             Began as a Deep Dwarf Fighter on Nov 4, 2019.
             Slain by a gnoll
             ... wielding a +0 great sword
              (10 damage)
             ... on level 3 of the Dungeon.
             The game lasted 00:06:33 (2760 turns).

Froggeryz the Cleaver (Deep Dwarf Fighter)          Turns: 2760, Time: 00:06:33

Health: -5/61      AC: 13    Str: 22 (23) XL:     7   Next: 0%
Magic:  6/6        EV:  7    Int:  9      God:
Gold:   121        SH:  9    Dex: 11 (12) Spells: 6/6 levels left

rFire    . . .     SeeInvis .   a - +0 war axe
rCold    . . .     Gourm    .   c - +0 shield
rNeg     . . .     Faith    .   b - +0 scale mail
rPois    .         Spirit   .   (no helmet)
rElec    .         Reflect  .   (no cloak)
rCorr    .         Harm     .   q - +2 pair of gloves
MR       +....                  l - +0 pair of boots
Stlth    ..........             (no amulet)
HPRegen  0.00/turn              (no ring)
MPRegen  0.10/turn              (no ring)

@: non-regenerating
A: damage resistance, heal wounds, icy blue scales 1, deterioration 1, sense
surroundings 1, strong 1, MP-powered wands, no regeneration
a: Heal Wounds


You were on level 3 of the Dungeon.
You were not hungry.

You visited 1 branch of the dungeon, and saw 3 of its levels.

You collected 121 gold pieces.

Inventory:

Hand Weapons
 a - a +0 war axe (weapon)
Missiles
 j - 26 poisoned darts (quivered)
Armour
 b - a +0 scale mail (worn)
 c - a +0 shield (worn)
 l - a +0 pair of boots (worn)
 n - a +0 plate armour
 q - a +2 pair of gloves (worn)
Jewellery
 m - a +2 amulet of reflection {unknown}
Scrolls
 e - 3 scrolls of identify {unknown}
 g - 2 scrolls of amnesia {unknown}
 h - 2 scrolls of teleportation {unknown}
 i - 2 scrolls of remove curse {unknown}
 k - 3 scrolls of magic mapping {unknown}
 p - a scroll of blinking {unknown}
Potions
 d - a potion of might
 o - a potion of berserk rage {unknown}
 r - a potion of curing {unknown}
 t - a potion of resistance {unknown}
Comestibles
 f - 8 rations
 s - 2 chunks of flesh


   Skills:
 - Level 2.6 Fighting
 * Level 8.4 Axes
 - Level 3.2 Armour
 - Level 3.2 Shields


You had 6 spell levels left.
You didn't know any spells.
Your spell library was empty.

Dungeon Overview and Level Annotations

Branches:
Dungeon (3/15)

Altars:
Okawaru

Annotations:
D:3 exclusion: 4 doors


Innate Abilities, Weirdness & Mutations

You are resistant to damage.
You can heal yourself by infusing magical energy.
You passively map a small area around you.
You do not regenerate.
You are partially covered in icy blue scales. (AC +2)
Your body sometimes deteriorates upon taking damage.
Your muscles are strong. (Str +2)
You expend magic power (3 MP) to strengthen your wands.


Message History

* * * LOW HITPOINT WARNING * * *
Unknown command.
You block the gnoll's attack.
You hit the gnoll.
The gnoll is heavily wounded.
You hit the gnoll. The gnoll hits you but does no damage.
Unknown command.
You slash the gnoll shaman!
The gnoll shaman is moderately wounded.
You hit the gnoll. The gnoll hits you but does no damage.
The gnoll shaman hits you but does no damage.
The gnoll hits you with a +0 halberd!
* * * LOW HITPOINT WARNING * * *
The gnoll hits you from afar with a +0 spear.
You hit the gnoll.
You kill the gnoll!
You have reached level 7!
You closely miss the gnoll shaman. You hit the gnoll.
The gnoll hits you with a +0 great sword!
You die...

....≈≈≈≈≈≈≈≈≈≈≈≈≈≈≈≈≈≈≈≈≈≈≈≈≈≈≈≈≈
....≈≈#####≈≈≈≈≈≈≈≈≈≈≈≈≈≈≈≈≈≈≈≈≈≈
....≈≈#gg.#......................
....≈≈#...#######################
....≈≈###'#....'., , ,
....≈≈≈.#......#################
....≈≈≈.###....#......#8..8#....
....≈≈≈.#.##''##).#8..'....'....
....≈≈≈.#...^.gg@.#8..'....'....
.P..≈≈≈.#....ggg......#)...#.. ,
....≈≈≈.#.##)'#########....#**
....≈≈≈.###..†.# ,#....#,,
....≈≈≈.#...§).# * #....#,* *
....≈≈###'#..).§......#))..# ,
...P≈≈#...#############))''######
....≈≈#.g.#...........)).........
....≈≈#####≈≈≈≈≈≈≈≈≈≈≈≈....≈≈≈≈≈≈


You could see a gnoll shaman and 4 gnolls.

Vanquished Creatures
  An ogre (D:3)
  A gnoll shaman (D:3)
  Natasha (thrice) (D:2)
  16 gnolls (D:3)
  5 adders
  2 oozes
  4 worms
  2 dart slugs
  3 leopard geckos
  3 orcs (D:3)
  3 giant cockroaches
  10 goblins
  5 hobgoblins
  26 jackals
  2 ball pythons
  8 bats
  3 frilled lizards (D:2)
  5 kobolds
  5 rats
107 creatures vanquished.

Notes
Turn   | Place    | Note
-------+----------+-------------------------------------------
     0 | D:1      | Froggeryz the Deep Dwarf Fighter began the quest for the
                  | Orb.
     0 | D:1      | Reached XP level 1. HP: 20/20 MP: 1/1
    77 | D:1      | Reached skill level 3 in Axes
   106 | D:1      | Reached XP level 2. HP: 22/27 MP: 2/2
   819 | D:2      | Reached XP level 3. HP: 25/33 MP: 3/3
   867 | D:2      | Reached skill level 4 in Axes
  1165 | D:2      | Reached XP level 4. HP: 34/40 MP: 4/4
  1412 | D:2      | Reached skill level 5 in Axes
  1473 | D:2      | Found an iron altar of Okawaru.
  1502 | D:2      | Noticed Natasha
  1512 | D:2      | Killed Natasha
  1638 | D:2      | Noticed Natasha
  1835 | D:2      | Killed Natasha
  1835 | D:2      | Reached XP level 5. HP: 14/46 MP: 5/5
  1912 | D:2      | Noticed Natasha
  1928 | D:2      | Killed Natasha
  1928 | D:2      | Reached skill level 6 in Axes
  1930 | D:2      | Gained mutation: Your body sometimes deteriorates upon
                  | taking damage. [potion of mutation]
  1930 | D:2      | Gained mutation: You are partially covered in icy blue
                  | scales. (AC +2) [potion of mutation]
  1930 | D:2      | Gained mutation: You expend magic power (3 MP) to
                  | strengthen your wands. [potion of mutation]
  1930 | D:2      | Gained mutation: Your muscles are strong. (Str +2) [potion
                  | of mutation]
  2679 | D:3      | Reached skill level 7 in Axes
  2679 | D:3      | Reached XP level 6. HP: 30/55 MP: 5/5
  2742 | D:3      | Reached skill level 8 in Axes
  2760 | D:3      | Reached XP level 7. HP: 5/61 MP: 6/6
  2760 | D:3      | Slain by a gnoll

Levels and vault maps discovered:
D:1:      dpeg_arrival_water_altar, layout_loops_ring
D:2:      layout_basic, lemuel_doored_altar, uniq_natasha
D:3:      lemuel_castle_with_subvaults [lemuel_castle_interior_carwin_2],
          layout_loops_cross, first_ration

Skill      XL: |  1  2  3  4  5  6 |
---------------+-------------------+-----
Axes           | 3 4 5 7 8 |  8.4
Fighting       | |  2.6
Armour         | |  3.2
Shields        | |  3.2

Action                   |  1- 3 |  4- 6 |  7- 9 || total
-------------------------+-------+-------+-------++-------
Melee: War axe           |   116 |   230 |       ||   346
Throw: Dart              |    10 |     4 |       ||    14
 Abil: Heal Wounds       |       |     1 |       ||     1
  Use: Potion            |     1 |     4 |       ||     5
  Eat: Chunk             |     1 |     6 |       ||     7
Armor: Scale mail        |    61 |   101 |       ||   162
Dodge: Dodged            |    30 |    63 |       ||    93
Block: Shield            |    54 |   144 |       ||   198
